AoeStats
← El Fantasma de Pancho Villa

Black Forest

509641500Analyzed
4v4 RM · 4d ago on Sep 27, 2026· 42m 31s· 8 players
Game mode
Random Map
Map size
Large (8 player)
Population
200
Speed
Normal
Resources
Standard
Victory
Conquest
Starting age
Dark Age
Ending age
Imperial Age
RankedLock teamsTeams togetherTeam positionsShared explorationLock speedFull tech treeHidden civsTurbo modeCheats
Victory
Defeat
🇩🇪 Britons · Germany
1156
+14
🇨🇭 Danes · Switzerland
1144
+15
🇪🇸 Khmer · Spain
1091
+17
🇨🇳 Persians · China
1073
+18
🇺🇸 Cumans · United States
1156
-17
1140
-17
🇺🇸 Mongols · United States
1112
-16
🇲🇽 Khmer · Mexico
1062
-14
Machetekills135
0:28 Loom
16:32 Feudal Age
21:22 Castle Age
28:56 Double-Bit Axe
30:07 Horse Collar
33:58 Wheelbarrow
36:32 Bow Saw
36:26 Heavy Plow
39:49 Imperial Age
37:57 Tusk Swords
38:44 Fortified Wall
38:26 Heated Shot
38:39 Padded Archer Armor
38:30 Fletching
39:54 Ballistics
39:53 Leather Archer Armor
39:34 Bodkin Arrow
39:57 Elite Ballista Elephant
41:29 Fortified Wall
42:21 Chemistry
42:51 Double Crossbow
BigOleChunguss
5:28 Loom
11:17 Feudal Age
15:06 Castle Age
14:07 Double-Bit Axe
17:05 Bow Saw
20:57 Horse Collar
21:43 Gold Mining
24:37 Wheelbarrow
28:18 Imperial Age
25:58 Stone Mining
26:37 Fletching
27:23 Bodkin Arrow
29:16 Heavy Plow
29:39 Bracer
29:04 Capped Ram
31:42 Ballistics
32:23 Chemistry
31:57 Hand Cart
32:10 Padded Archer Armor
32:54 Conscription
33:39 Drill
33:38 Elite Mangudai
34:41 Masonry
34:37 Siege Ram
36:21 Murder Holes
36:37 Masonry
36:33 Siege Engineers
36:42 Fortified Wall
El Fantasma de Pancho Villa
Thorin Escudo de Roble
8:53 Loom
10:38 Feudal Age
15:35 Castle Age
14:33 Double-Bit Axe
20:03 Horse Collar
24:15 Imperial Age
26:29 Chemistry
27:44 Wheelbarrow
32:48 Arquebus
34:08 Hand Cart
34:51 Padded Archer Armor
34:41 Fletching
36:35 Scale Barding Armor
36:41 Forging
36:34 Scale Mail Armor
35:57 Pikeman
36:22 Gambesons
36:23 Arson
37:55 Iron Casting
37:18 Halberdier
38:02 Elite Skirmisher
39:26 Chain Mail Armor
How do you turn this on
0:31 Loom
12:47 Feudal Age
13:24 Town Watch
18:14 Castle Age
16:18 Horse Collar
16:29 Double-Bit Axe
18:52 Wheelbarrow
19:53 Gold Mining
21:26 Heavy Plow
24:11 Stone Mining
27:50 Bow Saw
29:09 Gold Shaft Mining
32:58 Imperial Age
33:47 Hand Cart
33:39 Scale Barding Armor
34:07 Conscription
33:43 Elite Ballista Elephant
36:12 Chain Barding Armor
37:22 Stone Shaft Mining
36:20 Capped Ram
37:34 Double Crossbow
38:52 Chemistry
38:10 Heavy Scorpion
40:00 Plate Barding Armor
39:35 Forging
41:30 Husbandry
41:40 Bloodlines
40:51 Light Cavalry
41:42 Siege Engineers
41:57 Ballistics
41:46 Siege Engineers
41:52 Masonry
Repl4y
1:18 Loom
14:15 Feudal Age
20:12 Castle Age
18:12 Horse Collar
18:20 Double-Bit Axe
18:18 Horse Collar
21:55 Bow Saw
22:12 Town Watch
26:37 Wheelbarrow
27:04 Stone Mining
32:45 Imperial Age
30:58 Hand Cart
31:49 Masonry
32:05 Sanctity
32:10 Gold Mining
33:59 Block Printing
34:20 Redemption
34:48 Theocracy
34:41 Illumination
34:31 Elite Varangian Guard
35:12 Squires
34:58 Gambesons
36:07 Scale Mail Armor
36:18 Forging
37:37 Caravan
38:03 Conscription
38:19 Hamask
38:23 Northmen's Fury
40:24 Chain Mail Armor
40:44 Iron Casting
42:39 Plate Mail Armor
41:50 Onager
43:38 Chemistry
42:44 Siege Engineers
43:02 Ballistics
K_o_n_d_o_m
3:34 Loom
9:19 Feudal Age
15:02 Castle Age
16:33 Double-Bit Axe
19:25 Horse Collar
24:14 Heavy Plow
26:31 Wheelbarrow
32:01 Imperial Age
30:31 Bow Saw
30:33 Padded Archer Armor
30:24 Fletching
32:13 Ballistics
32:04 Fortified Wall
32:46 Yeomen
33:09 Conscription
32:59 Bodkin Arrow
37:29 Gold Mining
37:08 Elite Longbowman
38:53 Chemistry
帅死八个人
11:56 Feudal Age
15:41 Castle Age
13:57 Horse Collar
14:05 Double-Bit Axe
16:51 Bow Saw
16:43 Heavy Plow
21:33 Wheelbarrow
29:48 Imperial Age
27:34 Hand Cart
27:58 Gold Mining
28:03 Stone Mining
28:28 Scale Barding Armor
28:34 Forging
28:40 Loom
28:41 Town Watch
30:58 Chain Barding Armor
31:14 Iron Casting
31:12 Crop Rotation
31:45 Two-Man Saw
31:33 Gold Shaft Mining
31:34 Stone Shaft Mining
31:04 Devotion
30:32 Elite War Elephant
32:04 Conscription
31:45 Kamandaran
32:29 Plate Barding Armor
32:36 Ballistics
33:16 Chemistry
34:51 Husbandry
35:02 Bloodlines
36:27 Blast Furnace
35:18 Fletching
39:26 Bodkin Arrow
Connection lost

Rejoining the realm…

Still unreachable

The connection could not be restored.

Session expired

The server has moved on; the page needs a fresh start.